 Dungeon Crawl Stone Soup version 0.27-a0-637-g3a9f0a9c12 (webtiles) character file.

Game seed: 5645677029513335549

66 Allula97 the Sneak (level 3, -1/17 HPs)
             Began as a Spriggan Enchanter on Mar 14, 2021.
             Slain by a gnoll
             ... wielding a +0 halberd
              (7 damage)
             ... on level 2 of the Dungeon.
             The game lasted 00:05:41 (1622 turns).

Allula97 the Sneak (Spriggan Enchanter)             Turns: 1622, Time: 00:05:41

Health: -1/17      AC:  2    Str:  5    XL:     3   Next: 96%
Magic:  1/8        EV: 17    Int: 16    God:
Gold:   47         SH:  0    Dex: 15    Spells: 5/8 levels left

rFire    . . .     SeeInvis +   a - +1 dagger
rCold    . . .     Faith    .   (shield restricted)
rNeg     . . .     Spirit   .   b - +0 robe
rPois    .         Reflect  .   (helmet restricted)
rElec    .         Harm     .   (no cloak)
rCorr    .         Rampage  .   (gloves unavailable)
Will     .....                  (boots unavailable)
Stlth    +++.......             (no amulet)
HPRegen  0.05/turn              (no ring)
MPRegen  0.11/turn              (no ring)

@: very quick
A: very small, no large weapons, unfitting armour, see invisible, speed 3
a: no special abilities


You were on level 2 of the Dungeon.
You visited 1 branch of the dungeon, and saw 2 of its levels.

You collected 47 gold pieces.

Inventory:

Hand Weapons
 a - a +1 dagger (weapon)
Armour
 b - a +0 robe (worn)
Scrolls
 c - 2 scrolls of identify {unknown}
Potions
 d - a potion of invisibility {unknown}
 e - a potion of curing {unknown}


   Skills:
 * Level 0.4 Fighting
 * Level 1.6 Short Blades
 + Level 0.5 Armour
 * Level 3.0 Dodging
 * Level 5.6 Stealth
 * Level 3.2 Spellcasting
 + Level 3.8 Hexes
 + Level 0.4 Ice Magic


You had 5 spell levels left.
You knew the following spells:

 Your Spells              Type           Power      Damage    Failure   Level
a - Corona                Hex            15%        N/A       3%          1
b - Ensorcelled Hibernat  Hex/Ice        18%        N/A       12%         2

Your spell library contained the following spells:

 Spells                   Type           Power      Damage    Failure   Level
 Confusing Touch          Hex            14%        N/A       11%         3
 Tukima's Dance           Hex            14%        N/A       11%         3
 Dazzling Flash           Conj/Hex       16%        N/A       26%         3


Dungeon Overview and Level Annotations

Branches:
Dungeon (2/15)

Altars:


Innate Abilities, Weirdness & Mutations

You are very small and have problems with some larger weapons.
You are too small for most types of armour.
You have supernaturally acute eyesight. (SInv)
You cover ground extremely quickly. (Speed+++)


Message History

You hit the gnoll.
The gnoll is moderately wounded.
The gnoll is no longer blind.
The gnoll closely misses you. The gnoll misses you. The gnoll misses you.
The gnoll misses you.
You see here an atropa-tipped dart.
Casting: Ensorcelled Hibernation (safe; 12% risk of failure)
Confirm with . or Enter, or press ? or * to list all spells.
Aiming: Ensorcelled Hibernation (safe; 12% risk of failure)
Press: ? - help, Shift-Dir - straight line, f - gnoll
Aim: a gnoll (moderately wounded, chance to affect: 50%)
The gnoll looks drowsy...
The gnoll misses you.
The gnoll shouts!
You hit the gnoll but do no damage.
The gnoll is lightly wounded.
The gnoll closely misses you. The gnoll misses you.
A gnoll comes into view. It is wielding a +0 club.
There is a stone staircase leading down here.
The gnoll shouts!
You hit the gnoll.
The gnoll is lightly wounded.
You closely miss the gnoll.
The gnoll is lightly wounded.
The gnoll barely misses you.
You closely miss the gnoll.
The gnoll is lightly wounded.
The gnoll misses you.
You hit the gnoll but do no damage.
The gnoll is lightly wounded.
The gnoll hits you with a +0 club.
You hit the gnoll but do no damage.
The gnoll is lightly wounded.
The gnoll hits you with a +0 club.
You hit the gnoll but do no damage.
The gnoll is lightly wounded.
The gnoll closely misses you. The gnoll hits you with a +0 club.
The gnoll hits you from afar with a +0 halberd!
You die...

## ##############!....S.<
#........................
#.########...# #####.##
#.#.##†##.........# #.
#..............#.# #
#####.##.#######†# #.##.#
#.# ###.##.#######.#
#........g@g.#.#
#†#.##†#####g#.##
#.#.##.##
#....#########.#
#.#.....#
#......÷.......#
#.####..#
#....########### #.#
#...# #.#### #.# #.#.#
#g# #.###.#.####g#
#.......gg...#


You could see 3 gnolls.

Vanquished Creatures
  2 adders (D:2)
  A gnoll (D:2)
  A dart slug (D:2)
  2 leopard geckos (D:1)
  A giant cockroach (D:1)
  A goblin (D:1)
  4 hobgoblins (D:1)
  4 jackals (D:1)
  5 kobolds
  5 bats (D:1)
  4 frilled lizards
  3 rats (D:1)
33 creatures vanquished.

Notes
Turn   | Place    | Note
-------+----------+-------------------------------------------
     0 | D:1      | Allula97 the Spriggan Enchanter began the quest for the
                  | Orb.
     0 | D:1      | Reached XP level 1. HP: 9/9 MP: 5/5
   271 | D:1      | Reached XP level 2. HP: 13/13 MP: 4/6
   277 | D:1      | Learned a level 2 spell: Ensorcelled Hibernation
   750 | D:1      | Reached skill level 5 in Stealth
  1013 | D:1      | Reached XP level 3. HP: 12/16 MP: 3/8
  1622 | D:2      | Slain by a gnoll

Illustrated notes

Levels and vault maps discovered:
D:1:      dpeg_arrival_rooms_with_view, layout_loops_corners
D:2:      layout_loops_ring, tso_altar, uniq_sigmund

Skill      XL: |  1  2  3 |
---------------+----------+-----
Stealth        | 5 |  5.6
Spellcasting   | 3 |  3.2
Dodging        | 3 |  3.0
Fighting       | |  0.4
Short Blades   | |  1.6
Armour         | |  0.5
Hexes          | |  3.8
Ice Magic      | |  0.4

Action                   || total
-------------------------++-------
Melee: Dagger            ||    99
Throw: Dart              ||     3
 Cast: Corona            ||     5
       Ensorcelled Hiber ||    23
 Stab: Sleeping          ||    22
Armor: Robe              ||    11
Dodge: Dodged            ||    83

Table legend: (Time is in decaauts)
 A = Elapsed time spent in this place.
 B = Non-inter-level travel time spent in this place.
 C = Inter-level travel time spent in this place.
 D = Time resting spent in this place.
 E = Time spent auto-exploring this place.
 F = Levels seen in this place.
 G = Mean time per level.
                   A        B        C        D        E       F      G
               +--------+--------+--------+--------+--------+-----+--------+
         Total |   1239 |   1203 |     36 |     67 |    815 |   2 |  619.5 |
       Dungeon |   1239 |   1203 |     36 |     67 |    815 |   2 |  619.5 |
               +--------+--------+--------+--------+--------+-----+--------+

Top non-repeatable levels by time:
     D:1: 1012 daAuts
     D:2: 227 daAuts
